 Dungeon Crawl Stone Soup version 0.29-a0-878-g7b45a56547 (webtiles) character file.

Game seed: 5875277107711583476

10769 reriks the Nimble (level 11, -2/95 HPs)
             Began as a Minotaur Hunter on July 20, 2022.
             Was an Elder of Qazlal.
             Slain by a brown very ugly thing (10 damage)
             ... on level 2 of the Abyss.
             The game lasted 00:26:41 (14165 turns).

reriks the Nimble (Minotaur Hunter)                Turns: 14165, Time: 00:26:41

Health: -2/95      AC: 16    Str: 19    XL:     11   Next: 40%
Magic:  0/15       EV: 17    Int:  7    God:    Qazlal [****..]
Gold:   524        SH:  5    Dex: 16    Spells: 10/10 levels left

rFire   + + .      SeeInvis +   b - +6 glaive "Julu" {freeze, rF++ rC+ Will- Int+2}
rCold   + + .      Faith    .   (shield currently unavailable)
rNeg    . . .      Spirit   +   x - +2 ring mail {rC+}
rPois   .          Reflect  .   K - +2 hat {SInv}
rElec   .          Harm     .   (no cloak)
rCorr   +          Rampage  .   G - -1 pair of gloves of Kiri {Regen+ rCorr Int-3 Dex-3}
Will    .....                   v - +0 pair of boots
Stlth   +.........              w - amulet of guardian spirit
HPRegen 1.05/turn               z - +6 ring of dexterity
MPRegen 0.14/turn               I - +4 ring of protection

@: studying Dodging, repel missiles
A: horns 2, retaliatory headbutt
a: Renounce Religion, Upheaval, Elemental Force


You were on level 2 of the Abyss.
You worshipped Qazlal.
Qazlal was greatly pleased with you.
You visited 1 branch of the dungeon, and saw 10 of its levels.
You visited the Abyss 1 time.
You also visited: Ossuary and Bailey.

You collected 524 gold pieces.

Inventory:

Hand Weapons
 a - a +2 shortbow
 b - the +6 glaive "Julu" (weapon) {freeze, rF++ rC+ Will- Int+2}
   (You found it on level 3 of the Dungeon)

   It freezes those it strikes, dealing additional cold damage.
   It can also slow down cold-blooded creatures.
   Int:       It affects your intelligence (+2).
   rF:        It greatly protects you from fire.
   rC:        It protects you from cold.
   Will:      It decreases your willpower.
Armour
 k - a +0 pair of gloves
 v - a +0 pair of boots (worn)
 x - a +2 ring mail of cold resistance (worn)
 y - a +0 hat
 G - the -1 pair of gloves of Kiri (worn) {Regen+ rCorr Int-3 Dex-3}
   (You found it in a bailey)

   Int:       It affects your intelligence (-3).
   Dex:       It affects your dexterity (-3).
   Regen:     It increases your rate of health regeneration.
   rCorr:     It protects you from acid and corrosion.
 H - a +2 pair of gloves of infusion
 K - a +2 hat of see invisible (worn)
 L - a +0 hat of willpower
Jewellery
 c - a ring of willpower
 w - an amulet of guardian spirit (around neck)
 z - a +6 ring of dexterity (left hand)
 I - a +4 ring of protection (right hand)
Wands
 l - a wand of paralysis (17)
 q - a wand of flame (18)
 A - a wand of acid (22)
Scrolls
 e - 7 scrolls of noise
 i - 6 scrolls of teleportation
 m - a scroll of fear
 p - 3 scrolls of enchant armour
 t - 2 scrolls of immolation
 B - a scroll of enchant weapon
 D - a scroll of poison
 E - a scroll of blinking
 F - a scroll of fog {unknown}
 J - a scroll of identify
Potions
 d - a potion of lignification
 f - 5 potions of attraction
 g - a potion of ambrosia
 h - 8 potions of curing
 j - a potion of heal wounds
 n - 2 potions of cancellation
 o - 3 potions of degeneration
 s - 2 potions of flight
 u - a potion of haste
 C - 2 potions of mutation


   Skills:
 + Level 8.8 Fighting
 * Level 11.6 Ranged Weapons
 + Level 8.1 Armour
 + Level 12.7 Dodging
 - Level 4.0 Stealth
 + Level 6.8 Invocations


You had 10 spell levels left.
You didn't know any spells.
Your spell library contained the following spells:

 Spells                   Type           Power      Damage    Failure   Level
 Slow                     Hex            0%         N/A       58%         1
 Confusing Touch          Hex            0%         N/A       91%         3
 Ignite Poison            Fire/Tmut/Pois 0%         N/A       91%         3
 Mephitic Cloud           Conj/Pois/Air  0%         N/A       91%         3
 Vampiric Draining        Necr           0%         2d6       91%         3
 Animate Armour           Summ/Erth      0%         N/A       100%        4
 Blade Hands              Tmut           0%         N/A       100%        5
 Freezing Cloud           Conj/Ice/Air   0%         6-21      100%        5
 Iron Shot                Conj/Erth      0%         9d1       100%        6


Dungeon Overview and Level Annotations

Branches:
Dungeon (10/15)            Temple (0/1) D:7         Ossuary (visited)
 Bailey (visited)
   Lair: D:8-11         Orc: D:9-12

Altars:
Gozag
Hepliaklqana
Kikubaaqudgha
Qazlal
Sif Muna
The Shining One

Shops:
D:2 :   D:5 (   D:7 ((

Annotations:
D:2 1 runed translucent door, Crazy Yiuf
D:4 Edmund
D:10 Amaemon, Erolcha


Innate Abilities, Weirdness & Mutations

You have a pair of horns on your head.
You reflexively headbutt those who attack you in melee.


Message History

You destroy the flying skull!
Qazlal accepts your kill.
A flying skull comes into view.
The purple very ugly thing is engulfed in freezing vapours.
The purple very ugly thing basks in the mutagenic energy from its kin and changes!
You block the flying skull's attack. The hellwing completely misses you.
The hellwing hits you but does no damage.
The red very ugly thing basks in the mutagenic energy from its kin and changes!
The flying skull completely misses you.
You miss the flying skull.
You headbutt the flying skull, but do no damage.
You hear a hideous shriek!
The hellwing hits you! x2
The flying skull hits you but does no damage.
The brown very ugly thing punches you!
You are splashed with acid.
You resist.
The red ugly thing basks in the mutagenic energy from its kin and changes!
The hellwing hits you.
The hellwing hits you but does no damage.
The flying skull misses you. The brown very ugly thing punches you!
You are splashed with acid.
You resist.
You hear a hideous shriek!
You slash the flying skull!
The flying skull is severely damaged.
You hear a roar!
The flying skull hits you.
The brown very ugly thing trunk-slaps you.
You are splashed with acid.
You resist.
The brown very ugly thing closely misses you.
You furiously retaliate!
You headbutt the brown very ugly thing, but do no damage.
The hellwing hits you!
* * * LOW HITPOINT WARNING * * *
You block the hellwing's attack. The brown very ugly thing punches you!
* * * LOW HITPOINT WARNING * * *
You are splashed with acid.
You resist.
* * * LOW HITPOINT WARNING * * *
You block the flying skull's attack.
The brown very ugly thing basks in the mutagenic energy from its kin and changes!
The brown very ugly thing claws you!
You die...

.# . ..# #
..#.#. #
.#.#### ####
.. .
.##.##...#
....#...#.#.
#.
..........#
#..##z#u##
## #..##uuz#
# #.#
#.u@#......
# #..#4## .
.# #.###.#
#.. # # #.#
.. ### #


You could see 3 very ugly things, a brown ugly thing, a hellwing and 2 flying
skulls.

Vanquished Creatures
  An orc knight (Bailey)
  A deep elf pyromancer (Bailey)
  A troll (D:7)
  Grinder (D:5)
  Prince Ribbit (D:7)
  A large abomination (Abyss:2)
  A flying skull (Abyss:2)
  A spriggan (D:9)
  2 wraiths (Ossuary)
  A wyvern (D:9)
  A shadow (D:8)
  30 yaks
  Eustachio (D:6)
  2 steam dragons (D:8)
  A chaos spawn (Abyss:2)
  An acid dragon (D:9)
  6 orc warriors
  An ice beast (D:7)
  2 ogres (D:6)
  2 centaurs
  A phantom (D:4)
  4 bullfrogs
  3 scorpions
  3 necrophages
  11 wights
  6 howler monkeys
  2 jellies (D:5)
  5 hounds
  5 orc priests
  Jessica (D:2)
  3 iguanas
  4 orc wizards
  7 adders
  6 gnolls
  4 white imps
  2 ufetubi
  2 adder zombies (Ossuary)
  2 worms (D:4)
  5 dart slugs
  24 orcs
  9 endoplasms
  2 giant cockroaches
  13 goblins
  14 hobgoblins
  7 quokkas
  3 ball pythons
  2 ball python skeletons (Ossuary)
  8 bats
  A frilled lizard (D:1)
  A hobgoblin zombie (Ossuary)
  9 kobolds
  2 kobold zombies (Ossuary)
  An orc skeleton (Ossuary)
  An orc zombie (Ossuary)
  8 rats
  A spectral hobgoblin (D:5)
240 creatures vanquished.

Notes
Turn   | Place    | Note
-------+----------+-------------------------------------------
     0 | D:1      | reriks the Minotaur Hunter began the quest for the Orb.
     0 | D:1      | Reached XP level 1. HP: 18/18 MP: 0/0
    16 | D:1      | Found a faded altar of an unknown god.
    22 | D:1      | Prayed at the altar of an unknown god.
    22 | D:1      | Became a worshipper of Qazlal Stormbringer
    22 | D:1      | Reached * piety under Qazlal
   362 | D:1      | Reached skill level 1 in Stealth
   397 | D:1      | You fall into a shaft and drop 1 floor!
   423 | D:2      | Reached XP level 2. HP: 25/25 MP: 1/1
   435 | D:2      | Found Bumal's Vocational Training.
   831 | D:1      | Reached skill level 1 in Armour
   846 | D:1      | Reached XP level 3. HP: 30/30 MP: 2/2
  2007 | D:2      | Reached ** piety under Qazlal
  2024 | D:2      | Reached skill level 5 in Ranged Weapons
  2024 | D:2      | Reached skill level 1 in Invocations
  2057 | D:2      | Found a runed translucent door.
  2058 | D:2      | Noticed Crazy Yiuf
  2139 | D:2      | Reached XP level 4. HP: 33/38 MP: 3/3
  2397 | D:2      | Noticed Jessica
  2407 | D:2      | Killed Jessica
  3253 | D:3      | Found a glowing golden altar of the Shining One.
  3253 | D:3      | Found an opulent altar of Gozag.
  3275 | D:3      | Reached XP level 5. HP: 45/45 MP: 5/5
  3330 | D:3      | Identified the +6 glaive "Julu" {freeze, rF++ rC+ Will-
                  | Int+2}
  3440 | D:3      | Reached skill level 3 in Dodging
  4343 | D:4      | Noticed Edmund
  4990 | D:4      | Reached *** piety under Qazlal
  5457 | D:4      | Noticed a phantom
  5466 | D:4      | Killed a phantom
  5467 | D:4      | Reached XP level 6. HP: 48/52 MP: 6/6
  6124 | D:5      | Entered Level 5 of the Dungeon
  6192 | D:5      | Reached XP level 7. HP: 58/59 MP: 5/7
  6202 | D:4      | Reached skill level 4 in Dodging
  6511 | D:5      | Noticed Grinder
  6527 | D:5      | Killed Grinder
  6531 | D:5      | Found Katrag's Antique Weapon Shop.
  6574 | D:5      | Found a hazy altar of Hepliaklqana.
  6603 | D:5      | Found a sand-covered staircase.
  6609 | Ossuary  | Entered an ossuary
  6711 | Ossuary  | Noticed a flying skull
  6711 | Ossuary  | Noticed a wraith
  6733 | Ossuary  | Noticed a flying skull
  6747 | Ossuary  | Noticed a flying skull
  6748 | Ossuary  | Noticed a flying skull
  6757 | Ossuary  | Noticed a wraith
  6761 | Ossuary  | Killed a wraith
  6762 | Ossuary  | Reached skill level 5 in Dodging
  6762 | Ossuary  | Reached XP level 8. HP: 47/67 MP: 7/9
  6858 | Ossuary  | Noticed a flying skull
  6868 | Ossuary  | Reached skill level 5 in Fighting
  7037 | D:5      | Found an ancient bone altar of Kikubaaqudgha.
  7351 | D:6      | Reached skill level 6 in Dodging
  7355 | D:6      | Noticed Eustachio
  7502 | D:6      | Found a shimmering blue altar of Sif Muna.
  7667 | D:6      | Killed Eustachio
  7667 | D:6      | Reached **** piety under Qazlal
  7792 | D:6      | Reached XP level 9. HP: 75/75 MP: 11/11
  7800 | D:6      | Reached skill level 5 in Armour
  8001 | D:6      | Reached skill level 7 in Dodging
  8285 | D:6      | Reached skill level 8 in Dodging
  8488 | D:7      | Noticed a troll
  8498 | D:7      | Killed a troll
  8606 | D:7      | Found a staircase to the Ecumenical Temple.
  8730 | D:7      | Noticed Prince Ribbit
  8748 | D:7      | Killed Prince Ribbit
  9024 | D:7      | Found Luiwizxokh's Weapon Emporium.
  9055 | D:7      | Reached skill level 9 in Dodging
  9343 | D:7      | Reached skill level 5 in Invocations
  9419 | D:7      | Found Xesuosma's Weapon Shoppe.
 10100 | D:8      | Reached XP level 10. HP: 69/86 MP: 8/12
 10559 | D:8      | Reached skill level 10 in Dodging
 10908 | D:8      | Reached skill level 10 in Ranged Weapons
 11187 | D:8      | Reached skill level 11 in Dodging
 12061 | D:9      | Noticed a two-headed ogre
 12173 | D:9      | Found a flagged portal.
 12179 | Bailey   | Entered a bailey
 12488 | Bailey   | Noticed an orc knight
 12502 | Bailey   | Killed an orc knight
 12503 | Bailey   | Reached skill level 12 in Dodging
 12810 | Bailey   | Found a large runed translucent door.
 12810 | Bailey   | Found a large runed translucent door.
 12811 | Bailey   | Noticed a deep elf pyromancer
 12892 | Bailey   | Killed a deep elf pyromancer
 12893 | Bailey   | Reached XP level 11. HP: 93/94 MP: 14/14
 12909 | Bailey   | Identified the -1 pair of gloves of Kiri {Regen+ rCorr
                  | Int-3 Dex-3}
 12923 | Bailey   | Identified the +1 robe "Camnios" {rN+ Str+3 Int+4 Slay+3}
 13434 | D:9      | Identified the +10 dagger of Egomania {flame, Fragile rCorr
                  | Str+2 Dex+7}
 13937 | D:10     | Entered Level 10 of the Dungeon
 14044 | D:10     | Noticed Amaemon
 14044 | D:10     | Noticed Erolcha
 14049 | Abyss:2  | Cast into level 2 of the Abyss (Erolcha)
 14094 | Abyss:2  | Noticed a brown very ugly thing
 14098 | Abyss:2  | Noticed an Executioner
 14138 | Abyss:2  | Noticed a red very ugly thing
 14148 | Abyss:2  | Noticed a red very ugly thing
 14160 | Abyss:2  | Noticed a red very ugly thing
 14160 | Abyss:2  | Noticed a red ugly thing
 14165 | Abyss:2  | Slain by a brown very ugly thing

Illustrated notes

Levels and vault maps discovered:
D:1:      shiori_arrival_maze, layout_loops_corners,
          dreamdust_ecumenical_altar_statues
D:2:      layout_basic, nicolae_shop_vocational, uniq_crazy_yiuf_cottage,
          uniq_jessica
D:3:      layout_basic, mainiacjoe_overflow_divided_tiny, serial_bayou_pond_c,
          corexii_hall_statues_l, corexii_leaking_fountain,
          chequers_serial_rivers_large_a
D:4:      layout_basic, minmay_misc_feat_roman, minmay_manual_mess, uniq_edmund
D:5:      layout_cave_pools, nicolae_hepliaklqana_monster_ancestors,
          kiku_gazebo_garden_becter, nicolae_ossuary_entry_plus, serial_shops,
          nicolae_shop_behind_doors, dreamdust_princess_corridor, uniq_grinder
D:6:      layout_gridville, marbit_many_paths, grunt_decor_cap, uniq_eustachio
D:7:      layout_basic, minmay_temple_entry_stoned_glass, serial_shops,
          kennysheep_mini, nicolae_inconvenience_store, uniq_prince_ribbit1
D:8:      layout_loops_corners
D:9:      layout_cross, enter_bailey_4, the_hattery
D:10:     layout_basic, mainiacjoe_overflow_small_starburst,
          grunt_lair_entry_orc_guard_hut, uniq_amaemon, uniq_erolcha
Abyss:2:  base:
Temple

Skill      XL: |  1  2  3  4  5  6  7  8  9 10 11 |
---------------+----------------------------------+-----
Stealth        | 1 2 3 4 |  4.0
Armour         | 1 2 3 4 6 7 8 |  8.1
Fighting       | 3 4 5 7 8 |  8.8
Ranged Weapons | 5 6 7 8 9 11 | 11.6
Invocations    | 1 2 3 4 5 6 |  6.8
Dodging        | 3 5 6 9 12 | 12.7

Action                   |  1- 3 |  4- 6 |  7- 9 | 10-12 || total
-------------------------+-------+-------+-------+-------++-------
Melee: Glaive            |       |    12 |    62 |   114 ||   188
       Headbutt          |       |     3 |     8 |    17 ||    28
 Fire: Shortbow          |   116 |   182 |   182 |   139 ||   619
Invok: Upheaval          |       |       |       |     4 ||     4
Evoke: Wand              |       |       |       |     3 ||     3
  Use: Scroll            |       |    16 |     2 |     6 ||    24
       Potion            |       |       |       |     4 ||     4
Armor: Leather armour    |    15 |     3 |       |       ||    18
       Ring mail         |       |    43 |    37 |    75 ||   155
Dodge: Dodged            |    29 |    86 |    81 |   203 ||   399
       Repelled          |       |       |     1 |     1 ||     2
Block: Other             |     6 |    17 |    29 |    61 ||   113

Table legend: (Time is in decaauts)
 A = Elapsed time spent in this place.
 B = Non-inter-level travel time spent in this place.
 C = Inter-level travel time spent in this place.
 D = Time resting spent in this place.
 E = Time spent auto-exploring this place.
 F = Levels seen in this place.
 G = Mean time per level.
                   A        B        C        D        E       F      G
               +--------+--------+--------+--------+--------+-----+--------+
         Total |  14445 |  13596 |    849 |   5479 |   5826 |  13 | 1111.2 |
       Dungeon |  13162 |  12313 |    849 |   4898 |   5534 |  10 | 1316.2 |
         Abyss |    122 |    122 |      0 |     19 |      0 |   1 |  122.0 |
       Ossuary |    367 |    367 |      0 |     93 |    135 |   1 |  367.0 |
        Bailey |    794 |    794 |      0 |    469 |    157 |   1 |  794.0 |
               +--------+--------+--------+--------+--------+-----+--------+

Top non-repeatable levels by time:
     D:7: 2120 daAuts
     D:1: 1965 daAuts
     D:3: 1951 daAuts
     D:8: 1932 daAuts
     D:4: 1818 daAuts
     D:6: 1124 daAuts
     D:9: 861 daAuts
  Bailey: 794 daAuts
     D:5: 721 daAuts
     D:2: 650 daAuts
 Ossuary: 367 daAuts
 Abyss:2: 122 daAuts
    D:10: 17 daAuts
